 Dungeon Crawl Stone Soup version 0.26.0-16-gc1dbca0489 (webtiles) character file.

Game seed: 1711129571560549018

851 Eitelfritz the Shield-Bearer (level 8, -1/69 HPs)
             Began as a Hill Orc Fighter on Jan 17, 2021.
             Slain by a worker ant (5 damage)
             ... on level 5 of the Dungeon.
             The game lasted 00:10:37 (4616 turns).

Eitelfritz the Shield-Bearer (Hill Orc Fighter)     Turns: 4616, Time: 00:10:38

Health: -1/69      AC:  3    Str: 20      XL:     8   Next: 1%
Magic:  8/8        EV:  8    Int:  9      God:
Gold:   214        SH: 10    Dex:  5 (10) Spells: 7/7 levels left

rFire    . . .     SeeInvis .   a - +1 long sword
rCold    + . .     Faith    .   c - +1 kite shield
rNeg     . . .     Spirit   .   b - +0 scale mail
rPois    .         Reflect  .   (no helmet)
rElec    .         Harm     .   e - scarf {repulsion}
rCorr    .         Rampage  .   (no gloves)
Will     .....                  (no boots)
Stlth    +.........             (no amulet)
HPRegen  0.21/turn              f - ring of stealth
MPRegen  0.11/turn              o - ring of protection from cold

@: corroded, repel missiles
A: no striking features
a: no special abilities


You were on level 5 of the Dungeon.
You visited 1 branch of the dungeon, and saw 5 of its levels.

You collected 214 gold pieces.

Inventory:

Hand Weapons
 a - a +1 long sword (weapon)
 l - a +0 club
Missiles
 k - 35 poisoned darts (quivered)
 p - 16 sling bullets
 s - 15 boomerangs
Armour
 b - a +0 scale mail (worn)
 c - a +1 kite shield (worn)
 e - a scarf of repulsion (worn)
 g - a +0 chain mail
Jewellery
 f - a ring of stealth (left hand)
 n - a +6 ring of intelligence
 o - a ring of protection from cold (right hand)
Scrolls
 r - a scroll of enchant armour
 u - 4 scrolls of remove curse
Potions
 d - 2 potions of might
 h - a potion of brilliance
 i - 2 potions of curing
 j - 2 potions of haste {unknown}
 m - a potion of cancellation
 q - a potion of degeneration {unknown}
 t - a potion of lignification {unknown}
 v - a potion of heal wounds {unknown}


   Skills:
 + Level 5.4 Fighting
 + Level 5.5 Long Blades
 + Level 0.1 Throwing
 + Level 4.9 Armour
 + Level 2.1 Dodging
 + Level 0.7 Stealth
 + Level 5.9 Shields


You had 7 spell levels left.
You didn't know any spells.
Your spell library contained the following spells:

 Spells                   Type           Power        Failure   Level
 Animate Skeleton         Necr           0%           98%         1
 Apportation              Tloc           0%           98%         1
 Corona                   Hex            0%           98%         1
 Summon Small Mammal      Summ           0%           98%         1
 Ensorcelled Hibernation  Hex/Ice        0%           99%         2
 Confusing Touch          Hex            0%           100%        3
 Dazzling Flash           Conj/Hex       0%           100%        3
 Gell's Gravitas          Tloc           0%           100%        3
 Tukima's Dance           Hex            0%           100%        3
 Petrify                  Tmut/Erth      0%           100%        4
 Metabolic Englaciation   Hex/Ice        0%           100%        5
 Yara's Violent Unravell  Hex/Tmut       0%           100%        5


Dungeon Overview and Level Annotations

Branches:
Dungeon (5/15)
 Temple: D:4-7

Altars:
Cheibriados
Dithmenos
Elyvilon
Qazlal
Ru
Sif Muna
Wu Jian

Shops:
D:4 [


Message History

The worker ant poisons you! The jelly hits you.
* * * LOW HITPOINT WARNING * * *
You are splashed with acid!
* * * LOW HITPOINT WARNING * * *
Unknown command.
You feel better.
The quasit bites you but does no damage.
You block the quasit's attack. The quasit barely misses you.
The worker ant bites you but does no damage.
The jelly hits you.
* * * LOW HITPOINT WARNING * * *
The acid corrodes you!
You are splashed with acid.
* * * LOW HITPOINT WARNING * * *
Your shield prevents you from hitting the quasit.
The quasit is almost dead.
The quasit bites you but does no damage.
You block the quasit's attack.
The quasit claws you but does no damage.
The worker ant bites you.
You die...

...[..........
................#. ....
##.###............ .....
.#.###...##.##.... ....#
..###.....####...##...##
............##.........#
.#............(......)
##......##.....JB†.#
###.#.....##...@5#
#####....#....##
#..........#
###...##...###
###.........##
#.......(....#
###..........#
#.......#..#
###.#...#.##


You could see a jelly, a worker ant and a quasit.

Vanquished Creatures
  Eustachio (D:4)
  A phantom (D:4)
  A bullfrog (D:3)
  A scorpion (D:4)
  2 howler monkeys (D:4)
  2 hounds
  A centaur skeleton (D:5)
  A bullfrog skeleton (D:4)
  Natasha (twice) (D:3)
  3 orc wizards (D:3)
  2 worker ants (D:4)
  4 adders
  An ooze (D:4)
  2 worms (D:4)
  3 dart slugs
  2 leopard geckos
  10 orcs
  2 ball pythons
  6 bats
  7 giant cockroaches
  7 goblins
  5 hobgoblins
  3 quokkas
  4 frilled lizards
  6 kobolds
  6 rats
85 creatures vanquished.

Notes
Turn   | Place    | Note
-------+----------+-------------------------------------------
     0 | D:1      | Eitelfritz the Hill Orc Fighter began the quest for the
                  | Orb.
     0 | D:1      | Reached XP level 1. HP: 19/19 MP: 1/1
   135 | D:1      | Reached XP level 2. HP: 27/27 MP: 2/2
   322 | D:1      | Reached XP level 3. HP: 23/33 MP: 3/3
  1031 | D:2      | Found a sacrificial altar of Ru.
  1032 | D:2      | Found a shimmering blue altar of Sif Muna.
  1035 | D:2      | Found an ornate altar of the Wu Jian Council.
  1138 | D:2      | Reached XP level 4. HP: 40/40 MP: 4/4
  1712 | D:3      | Noticed a bullfrog
  1729 | D:3      | Killed a bullfrog
  1730 | D:3      | Reached XP level 5. HP: 28/46 MP: 5/5
  2079 | D:3      | Found a shadowy altar of Dithmenos.
  2660 | D:4      | Noticed Natasha
  2746 | D:3      | Reached XP level 6. HP: 32/53 MP: 6/6
  2869 | D:4      | Noticed a phantom
  2898 | D:3      | Killed Natasha
  3179 | D:4      | Found Goeczot's Antique Armour Emporium.
  3196 | D:4      | Killed a phantom
  3197 | D:4      | Reached skill level 1 in Dodging
  3197 | D:4      | Reached skill level 5 in Shields
  3413 | D:4      | Reached XP level 7. HP: 60/60 MP: 7/7
  3423 | D:4      | Found a white marble altar of Elyvilon.
  3473 | D:4      | Found a stormy altar of Qazlal.
  3474 | D:4      | Noticed a fire elemental
  3476 | D:4      | Noticed an air elemental
  3476 | D:4      | Noticed a water elemental
  3545 | D:4      | Found a snail-covered altar of Cheibriados.
  3884 | D:5      | Entered Level 5 of the Dungeon
  3884 | D:5      | Noticed Eustachio
  3902 | D:4      | Reached skill level 5 in Long Blades
  3941 | D:4      | Reached skill level 5 in Fighting
  4028 | D:4      | Killed Eustachio
  4048 | D:3      | Noticed Natasha
  4052 | D:3      | Killed Natasha
  4518 | D:5      | Reached XP level 8. HP: 65/69 MP: 8/8
  4614 | D:5      | HP: 2/69 [acid (7)]
  4616 | D:5      | Slain by a worker ant

Illustrated notes

Levels and vault maps discovered:
D:1:      ncdulo_wetmaze, layout_rooms, st_stairs_7
D:2:      minmay_alternating_diamond, layout_basic, grunt_temple_overflow_open
D:3:      layout_basic, dk_noncrumbling_2, minmay_misc_feat_tiny,
          nicolae_dithmenos_through_a_glass_darkly
D:4:      layout_rooms, lemuel_round_altar, nicolae_qazlal_style_of_elements,
          lemuel_crystal_altar, serial_shops, shop, uniq_natasha
D:5:      layout_cave_pools, ebering_ghost_sewer_f, minmay_misc_feat_doors,
          nicolae_ru_path_of_blood, uniq_eustachio

Skill      XL: |  1  2  3  4  5  6  7 |
---------------+----------------------+-----
Fighting       | 4 5 |  5.4
Shields        | 4 5 |  5.9
Long Blades    | 3 4 5 |  5.5
Armour         | 4 |  4.9
Dodging        | 1 2 |  2.1
Throwing       | |  0.1
Stealth        | |  0.7

Action                   |  1- 3 |  4- 6 |  7- 9 || total
-------------------------+-------+-------+-------++-------
Melee: Long sword        |   108 |   184 |   160 ||   452
Throw: Boomerang         |       |     2 |       ||     2
  Use: Scroll            |       |     8 |     1 ||     9
       Potion            |       |       |     1 ||     1
Armor: Scale mail        |    60 |    73 |   126 ||   259
Dodge: Dodged            |    44 |    61 |    77 ||   182
       Repelled          |     1 |       |       ||     1
Block: Kite shield       |    57 |   118 |   142 ||   317
       Rpst.: Long sword |    14 |    25 |    16 ||    55
